| TOP OF THE 1ST |
|
Iowa Cubs batting - Pitching for Louisville Bats : LHP Dave Rivera
|
|
Pitching: LHP Dave Rivera
|
|
|
Batting: LHB Barend van der Kamp
|
0-0: SINGLE (Groundball, 6M, EV 86.9 MPH) (infield hit)
|
|
Batting: RHB Pat Barton
|
0-0: Ball 1-0: Called Strike 1-1: Fly out, F7 (Flyball, 7LD, EV 94.4 MPH)
|
|
Batting: SHB Tim Hone
|
0-0: Ball 1-0: Ball 2-0: Called Strike 2-1: Foul Ball, location: 2F 2-2: Foul Ball, location: 2F 2-2: TRIPLE (Line Drive, 9D, EV 101.9 MPH) Barend van der Kamp scores
|
|
Batting: RHB Butch Koglin
|
0-0: Swinging Strike 0-1: Foul Ball, location: 2F 0-2: Strikes out swinging
|
|
Batting: SHB Seung-ho Zhang
|
0-0: Called Strike 0-1: SINGLE (Groundball, 5D, EV 103.8 MPH) Tim Hone scores
|
|
Batting: SHB Nick Chandler
|
0-0: Called Strike 0-1: Called Strike 0-2: Ball Seung-ho Zhang steals 2nd base 1-2: Ball 2-2: Ball 3-2: Strikes out swinging, 2-3 out at first.
|
| Top of the 1st over - 2 runs, 3 hits, 0 errors, 1 left on base; Iowa 2 - Louisville 0 |
| BOTTOM OF THE 1ST |
|
Louisville Bats batting - Pitching for Iowa Cubs : LHP Kyle Foster
|
|
Pitching: LHP Kyle Foster
|
|
|
Batting: RHB Danny Real
|
0-0: Ball 1-0: Ball 2-0: Ball 3-0: Base on Balls
|
|
Batting: RHB Chase Briney
|
0-0: Ball 1-0: Ball 2-0: Ball Danny Real steals 2nd base 3-0: Called Strike 3-1: Called Strike 3-2: Fly out, F9 (Flyball, 89S, EV 90.0 MPH)
|
|
Batting: LHB Randy Racine
|
0-0: Ball 1-0: Ball 2-0: Fly out, F7 (Line Drive, 78S, EV 105.0 MPH)
|
|
Batting: SHB Freddie Farrar
|
0-0: Ground out 6-3 (Groundball, 6, EV 86.9 MPH)
|
| Bottom of the 1st over - 0 runs, 0 hits, 0 errors, 1 left on base; Iowa 2 - Louisville 0 |
| TOP OF THE 2ND |
|
Iowa Cubs batting - Pitching for Louisville Bats : LHP Dave Rivera
|
|
Batting: LHB Rich Atterberry
|
0-0: Ball 1-0: Foul Ball, location: 2F 1-1: Swinging Strike 1-2: Strikes out swinging
|
|
Batting: LHB Bobby Adams
|
0-0: Ball 1-0: Foul Ball, location: 2F 1-1: Ball 2-1: Swinging Strike 2-2: Foul Ball, location: 2F 2-2: Strikes out swinging
|
|
Batting: LHB Jose Mojica
|
0-0: Ball 1-0: Swinging Strike 1-1: SINGLE (Groundball, 4MD, EV 99.4 MPH)
|
|
Batting: LHB Barend van der Kamp
|
0-0: Ball 1-0: Called Strike 1-1: Ball 2-1: Called Strike 2-2: Foul Ball, location: 2F 2-2: Foul Ball, location: 2F 2-2: Strikes out looking
|
| Top of the 2nd over - 0 runs, 1 hit, 0 errors, 1 left on base; Iowa 2 - Louisville 0 |
| BOTTOM OF THE 2ND |
|
Louisville Bats batting - Pitching for Iowa Cubs : LHP Kyle Foster
|
|
Batting: SHB Tim Utz
|
0-0: Called Strike 0-1: Ball 1-1: Ball 2-1: Ground out 5-3 (Groundball, 5, EV 108.1 MPH)
|
|
Batting: RHB Chris Zamora
|
0-0: Ball 1-0: Called Strike 1-1: Ground out 6-3 (Groundball, 6, EV 78.8 MPH)
|
|
Batting: RHB Estanislau Gosendes
|
0-0: Ground out 6-3 (Groundball, 6S, EV 84.4 MPH)
|
| Bottom of the 2nd over - 0 runs, 0 hits, 0 errors, 0 left on base; Iowa 2 - Louisville 0 |
| TOP OF THE 3RD |
|
Iowa Cubs batting - Pitching for Louisville Bats : LHP Dave Rivera
|
|
Batting: RHB Pat Barton
|
0-0: Ground out 6-3 (Groundball, 56, EV 92.5 MPH)
|
|
Batting: SHB Tim Hone
|
0-0: Called Strike 0-1: Swinging Strike 0-2: Ball 1-2: Foul Ball, location: 2F 1-2: Foul Ball, location: 2F 1-2: Ball 2-2: Ball 3-2: Ground out 1-3 (Groundball, 34S, EV 66.3 MPH)
|
|
Batting: RHB Butch Koglin
|
0-0: Ball 1-0: Ball 2-0: Ground out U3 (Groundball, 34, EV 86.9 MPH)
|
| Top of the 3rd over - 0 runs, 0 hits, 0 errors, 0 left on base; Iowa 2 - Louisville 0 |
| BOTTOM OF THE 3RD |
|
Louisville Bats batting - Pitching for Iowa Cubs : LHP Kyle Foster
|
|
Batting: RHB Gerald de Vries
|
0-0: Ball 1-0: Ground out 4-3 (Groundball, 4S, EV 81.3 MPH)
|
|
Batting: RHB Yasusaburo Kuwahara
|
0-0: Ball 1-0: Called Strike 1-1: Swinging Strike 1-2: Strikes out looking
|
|
Batting: RHB Danny Real
|
0-0: Called Strike 0-1: Fly out, F8 (Flyball, 89M, EV 82.5 MPH)
|
| Bottom of the 3rd over - 0 runs, 0 hits, 0 errors, 0 left on base; Iowa 2 - Louisville 0 |
| TOP OF THE 4TH |
|
Iowa Cubs batting - Pitching for Louisville Bats : LHP Dave Rivera
|
|
Batting: SHB Seung-ho Zhang
|
0-0: Ball 1-0: Foul Ball, location: 2F 1-1: Ball 2-1: Swinging Strike 2-2: SINGLE (Line Drive, 56D, EV 97.5 MPH)
|
|
Batting: SHB Nick Chandler
|
0-0: Grounds into double play, 6-4-3 (Groundball, 6, EV 85.0 MPH)
|
|
Batting: LHB Rich Atterberry
|
0-0: Called Strike 0-1: Foul Ball, location: 2F 0-2: Foul Ball, location: 2F 0-2: Ball 1-2: Ball 2-2: Ball 3-2: Foul Ball, location: 2F 3-2: Ground out 6-3 (Groundball, 6, EV 92.5 MPH)
|
| Top of the 4th over - 0 runs, 1 hit, 0 errors, 0 left on base; Iowa 2 - Louisville 0 |
| BOTTOM OF THE 4TH |
|
Louisville Bats batting - Pitching for Iowa Cubs : LHP Kyle Foster
|
|
Batting: RHB Chase Briney
|
0-0: Foul Ball, location: 2F 0-1: Called Strike 0-2: Strikes out looking
|
|
Batting: LHB Randy Racine
|
0-0: Called Strike 0-1: Called Strike 0-2: Ball 1-2: Ball 2-2: Ground out 1-3 (Groundball, 15S, EV 61.3 MPH)
|
|
Batting: SHB Freddie Farrar
|
0-0: Called Strike 0-1: Ball 1-1: Ball 2-1: Ball 3-1: Ground out 5-3 (Groundball, 56S, EV 83.1 MPH)
|
| Bottom of the 4th over - 0 runs, 0 hits, 0 errors, 0 left on base; Iowa 2 - Louisville 0 |
| TOP OF THE 5TH |
|
Iowa Cubs batting - Pitching for Louisville Bats : LHP Dave Rivera
|
|
Batting: LHB Bobby Adams
|
0-0: Called Strike 0-1: Ball 1-1: Ball 2-1: Called Strike 2-2: Strikes out looking
|
|
Batting: LHB Jose Mojica
|
0-0: Ball 1-0: Ball 2-0: Foul Ball, location: 2F 2-1: Swinging Strike 2-2: Ground out 4-3 (Groundball, 4, EV 108.1 MPH)
|
|
Batting: LHB Barend van der Kamp
|
0-0: Swinging Strike 0-1: Ball 1-1: Foul Ball, location: 2F 1-2: Hit by Pitch
|
|
Batting: RHB Pat Barton
|
0-0: Called Strike 0-1: Called Strike 0-2: Ball 1-2: Ball 2-2: SINGLE (Groundball, 6MD, EV 95.6 MPH) Barend van der Kamp to second Runner from 2nd tries for 3rd, SAFE, throw by CF made to third Pat Barton to second
|
|
Batting: SHB Tim Hone
|
0-0: Ball 1-0: Swinging Strike 1-1: Foul Ball, location: 2F 1-2: Strikes out swinging
|
| Top of the 5th over - 0 runs, 1 hit, 0 errors, 2 left on base; Iowa 2 - Louisville 0 |
| BOTTOM OF THE 5TH |
|
Louisville Bats batting - Pitching for Iowa Cubs : LHP Kyle Foster
|
|
Batting: SHB Tim Utz
|
0-0: Called Strike 0-1: Ball 1-1: Ball 2-1: Fly out, F8 (Flyball, 8RXD, EV 109.4 MPH)
|
|
Batting: RHB Chris Zamora
|
0-0: Ground out 5-3 (Groundball, 5, EV 101.3 MPH)
|
|
Batting: RHB Estanislau Gosendes
|
0-0: Ball 1-0: Ball 2-0: Ball 3-0: Base on Balls
|
|
Batting: RHB Gerald de Vries
|
0-0: Ball 1-0: Ball 2-0: Swinging Strike 2-1: Ball 3-1: Called Strike 3-2: Foul Ball, location: 2F 3-2: Base on Balls Estanislau Gosendes to second
|
|
Batting: RHB Yasusaburo Kuwahara
|
0-0: Called Strike 0-1: Called Strike 0-2: Ball 1-2: Strikes out looking
|
| Bottom of the 5th over - 0 runs, 0 hits, 0 errors, 2 left on base; Iowa 2 - Louisville 0 |
| TOP OF THE 6TH |
|
Iowa Cubs batting - Pitching for Louisville Bats : LHP Dave Rivera
|
|
Batting: RHB Butch Koglin
|
0-0: Called Strike 0-1: Foul Ball, location: 2F 0-2: Ball 1-2: Strikes out swinging
|
|
Pitching: RHP Tyrese Barnett
|
|
|
Batting: SHB Seung-ho Zhang
|
0-0: Ball 1-0: Ball 2-0: Called Strike 2-1: Ball 3-1: Base on Balls
|
|
Batting: SHB Nick Chandler
|
0-0: Ball 1-0: Foul Ball, location: 2F 1-1: Ball 2-1: Foul Ball, location: 2F 2-2: Strikes out swinging Seung-ho Zhang steals 2nd base Batter strikes out.
|
|
Batting: LHB Rich Atterberry
|
0-0: Called Strike 0-1: Ball 1-1: Ground out 6-3 (Groundball, 6, EV 88.8 MPH)
|
| Top of the 6th over - 0 runs, 0 hits, 0 errors, 1 left on base; Iowa 2 - Louisville 0 |
| BOTTOM OF THE 6TH |
|
Louisville Bats batting - Pitching for Iowa Cubs : LHP Kyle Foster
|
|
Batting: RHB Danny Real
|
0-0: Ball 1-0: Swinging Strike 1-1: Ball 2-1: Ground out 5-3 (Groundball, 56S, EV 71.3 MPH)
|
|
Batting: RHB Chase Briney
|
0-0: Ball 1-0: Ground out 5-3 (Groundball, 5, EV 99.4 MPH)
|
|
Batting: LHB Randy Racine
|
0-0: Ground out 1-3 (Groundball, 13S, EV 68.1 MPH)
|
| Bottom of the 6th over - 0 runs, 0 hits, 0 errors, 0 left on base; Iowa 2 - Louisville 0 |
| TOP OF THE 7TH |
|
Iowa Cubs batting - Pitching for Louisville Bats : RHP Tyrese Barnett
|
|
Batting: LHB Bobby Adams
|
0-0: Called Strike 0-1: Called Strike 0-2: Foul Ball, location: 2F 0-2: Strikes out looking
|
|
Batting: LHB Jose Mojica
|
0-0: Ball 1-0: Ground out 4-3 (Groundball, 4, EV 85.0 MPH)
|
|
Batting: LHB Barend van der Kamp
|
0-0: Foul Ball, location: 2F 0-1: Fly out, F7 (Flyball, 78S, EV 96.3 MPH)
|
| Top of the 7th over - 0 runs, 0 hits, 0 errors, 0 left on base; Iowa 2 - Louisville 0 |
| BOTTOM OF THE 7TH |
|
Louisville Bats batting - Pitching for Iowa Cubs : LHP Kyle Foster
|
|
Batting: SHB Freddie Farrar
|
0-0: SINGLE (Line Drive, 4M, EV 93.8 MPH)
|
|
Batting: SHB Tim Utz
|
0-0: Ball 1-0: Called Strike 1-1: Ball 2-1: Called Strike 2-2: Ball 3-2: Foul Ball, location: 2F 3-2: Base on Balls Freddie Farrar to second
|
|
Batting: RHB Chris Zamora
|
0-0: Ball 1-0: Called Strike 1-1: Called Strike 1-2: Ball 2-2: Strikes out looking
|
|
Batting: RHB Estanislau Gosendes
|
0-0: Foul Ball, location: 2F 0-1: Ball 1-1: Foul Ball, location: 2F 1-2: Ball 2-2: Ball 3-2: Base on Balls Freddie Farrar to third Tim Utz to second
|
|
Pitching: RHP Andy Temples
|
|
|
Batting: RHB Gerald de Vries
|
0-0: SINGLE (Flyball, 6MD, EV 98.8 MPH) Freddie Farrar scores Tim Utz to third Estanislau Gosendes to second
|
|
Pinch Hitting: SHB Paul Sandoval
|
0-0: Ball 1-0: Ball 2-0: Foul Ball, location: 2F 2-1: Called Strike 2-2: Foul Ball, location: 2F 2-2: Ball 3-2: Foul Ball, location: 2F 3-2: Strikes out swinging
|
|
Batting: RHB Danny Real
|
0-0: Ball 1-0: Ball 2-0: Swinging Strike 2-1: Fly out, F4 (Line Drive, 4, EV 65.6 MPH)
|
| Bottom of the 7th over - 1 run, 2 hits, 0 errors, 3 left on base; Iowa 2 - Louisville 1 |
| TOP OF THE 8TH |
|
Iowa Cubs batting - Pitching for Louisville Bats : RHP Tyrese Barnett
|
|
Now at SS: Paul Sandoval
|
|
|
Batting: RHB Pat Barton
|
0-0: Called Strike 0-1: Foul Ball, location: 2F 0-2: Ball 1-2: Ball 2-2: SINGLE (Line Drive, 8LS, EV 95.6 MPH)
|
|
Batting: SHB Tim Hone
|
0-0: Called Strike 0-1: Fly out, F9 (Flyball, 89S, EV 79.4 MPH)
|
|
Batting: RHB Butch Koglin
|
0-0: DOUBLE (Line Drive, 7LS, EV 112.5 MPH) Pat Barton to third
|
|
Batting: SHB Seung-ho Zhang
|
0-0: Intentional Walk
|
|
Batting: SHB Nick Chandler
|
0-0: Called Strike 0-1: Swinging Strike 0-2: Ball 1-2: Ball 2-2: Ball 3-2: Fly out, F8 (Flyball, 78D, EV 88.8 MPH) Runner from 3rd tags up, SCORES, throw by CF Butch Koglin to third
|
|
Batting: LHB Rich Atterberry
|
0-0: Foul Ball, location: 2F 0-1: Ball 1-1: SINGLE (Line Drive, 78S, EV 87.5 MPH) Butch Koglin scores Seung-ho Zhang to second
|
|
Batting: LHB Bobby Adams
|
0-0: Ball 1-0: Ground out 6-3 (Groundball, 6D, EV 106.3 MPH)
|
| Top of the 8th over - 2 runs, 3 hits, 0 errors, 2 left on base; Iowa 4 - Louisville 1 |
| BOTTOM OF THE 8TH |
|
Louisville Bats batting - Pitching for Iowa Cubs : RHP Andy Temples
|
|
Batting: RHB Chase Briney
|
0-0: Foul Ball, location: 2F 0-1: Ball 1-1: Ground out 6-3 (Groundball, 6, EV 87.5 MPH)
|
|
Batting: LHB Randy Racine
|
0-0: Swinging Strike 0-1: Foul Ball, location: 2F 0-2: Hit by Pitch
|
|
Batting: SHB Freddie Farrar
|
0-0: Ball 1-0: Ball 2-0: Ball 3-0: Called Strike 3-1: Base on Balls Randy Racine to second
|
|
Batting: SHB Tim Utz
|
0-0: Ball 1-0: Ball 2-0: Called Strike 2-1: Ball 3-1: SINGLE (Flyball, 8LS, EV 93.8 MPH) Randy Racine to third Freddie Farrar to second Runner from 3rd tries for Home, SAFE, throw by CF to home
|
|
Batting: RHB Chris Zamora
|
0-0: Fly out, F3 (Popup, 3SF, EV 80.0 MPH)
|
|
Batting: RHB Estanislau Gosendes
|
0-0: Called Strike 0-1: Called Strike 0-2: Foul Ball, location: 2F 0-2: SINGLE (Groundball, 56S, EV 66.3 MPH) (infield hit) Freddie Farrar to third Tim Utz to second
|
|
Batting: RHB Gerald de Vries
|
0-0: Ball 1-0: Ball 2-0: Called Strike 2-1: Called Strike 2-2: Strikes out swinging
|
| Bottom of the 8th over - 1 run, 2 hits, 0 errors, 3 left on base; Iowa 4 - Louisville 2 |
| TOP OF THE 9TH |
|
Iowa Cubs batting - Pitching for Louisville Bats : RHP Tyrese Barnett
|
|
Pitching: LHP Jesus Perez
|
|
|
Batting: LHB Jose Mojica
|
0-0: Called Strike 0-1: Foul Ball, location: 2F 0-2: Strikes out swinging
|
|
Batting: LHB Barend van der Kamp
|
0-0: Foul Ball, location: 2F 0-1: Ball 1-1: Ball 2-1: Fly out, F8 (Flyball, 8LM, EV 91.3 MPH)
|
|
Pitching: LHP Jeff Wall
|
|
|
Batting: RHB Pat Barton
|
0-0: Ball 1-0: Ball 2-0: Foul Ball, location: 2F 2-1: Ball 3-1: Called Strike 3-2: Base on Balls
|
|
Batting: SHB Tim Hone
|
0-0: Ball 1-0: Ball 2-0: Ball 3-0: Base on Balls Pat Barton to second
|
|
Batting: RHB Butch Koglin
|
0-0: Called Strike 0-1: Ground out 4-3 (Groundball, 4, EV 100.0 MPH)
|
| Top of the 9th over - 0 runs, 0 hits, 0 errors, 2 left on base; Iowa 4 - Louisville 2 |
| BOTTOM OF THE 9TH |
|
Louisville Bats batting - Pitching for Iowa Cubs : RHP Andy Temples
|
|
Pitching: LHP Shane Stratton
|
|
|
Batting: SHB Paul Sandoval
|
0-0: Ball 1-0: Called Strike 1-1: Ball 2-1: Swinging Strike 2-2: Ground out U3 (Groundball, 34, EV 84.4 MPH)
|
|
Batting: RHB Danny Real
|
0-0: Called Strike 0-1: Ball 1-1: Swinging Strike 1-2: Strikes out swinging
|
|
Batting: RHB Chase Briney
|
0-0: Called Strike 0-1: Ground out 6-3 (Groundball, 6, EV 96.9 MPH)
|
| Bottom of the 9th over - 0 runs, 0 hits, 0 errors, 0 left on base; Iowa 4 - Louisville 2 |
|